 Dungeon Crawl Stone Soup version 0.21-a0-582-g1b93aee (webtiles) character file.

49 teukkam the Digger (level 3, -4/28 HPs)
             Began as a Gnoll Wanderer on Dec 19, 2017.
             Slain by Terence
             ... wielding a +1 short sword of electrocution
              (8 damage)
             ... on level 2 of the Dungeon.
             The game lasted 00:07:47 (1649 turns).

teukkam the Digger (Gnoll Wanderer)                 Turns: 1649, Time: 00:07:48

Health: -4/28      AC:  3    Str: 13    XL:     3   Next: 77%
Magic:  4/7        EV: 11    Int: 18    God:
Gold:   88         SH:  0    Dex: 12    Spells: 6/7 levels left

rFire    . . .     SeeInvis .   b - +1 dagger
rCold    . . .     Gourm    .   (no shield)
rNeg     . . .     Faith    .   k - +0 leather armour
rPois    .         Spirit   .   (no helmet)
rElec    .         Reflect  .   (no cloak)
rCorr    .         Harm     .   (no gloves)
MR       .....                  (no boots)
Stlth    ++........             (no amulet)
HPRegen  0.09/turn              (no ring)
MPRegen  0.10/turn              (no ring)

@: no status effects
A: distributed training, fangs 1, strong nose
a: no special abilities


You were on level 2 of the Dungeon.
You were not hungry.

You visited 1 branch of the dungeon, and saw 2 of its levels.

You collected 88 gold pieces.

Inventory:

Hand Weapons
 a - a +0 hand crossbow
 b - a +1 dagger (weapon)
Missiles
 d - 22 bolts
 h - 5 javelins (quivered)
Armour
 c - a +2 scale mail
 k - a +0 leather armour (worn)
Scrolls
 i - a scroll of remove curse
Books
 j - Jepriq's Incunabulum of Contamination

   Spells                             Type                      Level
   a - Sting                          Conjuration/Poison           1
   b - Spider Form                    Transmutation/Poison         3
Comestibles
 f - a ration
 g - 6 chunks of flesh


   Skills:
 + Level 2.6 Fighting
 + Level 0.9 Short Blades
 + Level 0.9 Long Blades
 + Level 0.9 Axes
 + Level 0.9 Maces & Flails
 + Level 0.9 Polearms
 + Level 0.9 Staves
 + Level 0.9 Slings
 + Level 0.9 Bows
 + Level 2.6 Crossbows
 + Level 0.9 Throwing
 + Level 2.6 Armour
 + Level 0.9 Dodging
 + Level 2.4 Stealth
 + Level 2.6 Shields
 + Level 0.9 Unarmed Combat
 + Level 2.8 Spellcasting
 + Level 0.6 Conjurations
 + Level 0.6 Hexes
 + Level 0.6 Charms
 + Level 3.8 Summonings
 + Level 0.6 Necromancy
 + Level 0.6 Translocations
 + Level 0.6 Transmutations
 + Level 0.6 Fire Magic
 + Level 0.6 Ice Magic
 + Level 0.6 Air Magic
 + Level 3.8 Earth Magic
 + Level 0.6 Poison Magic
 + Level 1.0 Invocations
 + Level 0.9 Evocations


You had 6 spell levels left.
You knew the following spells:

 Your Spells              Type           Power        Failure   Level  Hunger
a - Sting                 Conj/Pois      #...         16%         1    None


Dungeon Overview and Level Annotations

Branches:
Dungeon (2/15)

Altars:

Annotations:
D:2 Natasha, Terence


Innate Abilities, Weirdness & Mutations

Your experience applies equally to all skills.
You have very sharp teeth.
Your uncanny sense of smell can sniff out nearby items.


Message History

You feel aware of your surroundings.
You sensed 1 altar.
It was a scroll of magic mapping.
Terence hits you but does no damage.
A ball python comes into view.
As you read the scroll labeled ISITEI WORCHO, it crumbles to dust.
It is a scroll of identify.
You don't have any unidentified items.
Terence is no longer unusually resistant.
Terence hits you with a short sword of electrocution.
* * * LOW HITPOINT WARNING * * *
Casting: Sting
Confirm with . or Enter, or press ? or * to list all spells.
Aiming: Sting
Press: ? - help, Shift-Dir - straight line, f/p - Terence
Aim: Terence, wielding a short sword of electrocution and wearing a scale mail (lightly wounded)
The sting hits Terence.
Terence appears unharmed.
Terence is lightly wounded.
Terence hits you with a short sword of electrocution.
* * * LOW HITPOINT WARNING * * *
You are electrocuted!
You die...

##.######.......<# *,*
................)# *,*
.........(######## *,*
#..######## *,* #..#
######## *,* ...#
#......# *,* .###
#......# **,# ##
#..S...####..#
#########......@@...#*
...............######
#########......#
#......# #......#
#......# ########


You could see Terence and a ball python.

Vanquished Creatures
  2 adders (D:2)
  An ooze (D:2)
  2 dart slugs
  2 goblins
  3 hobgoblins
  3 kobolds
  A quokka (D:2)
  A ball python (D:2)
  2 bats
  3 frilled lizards
  5 rats
25 creatures vanquished.

Notes
Turn   | Place    | Note
-------+----------+-------------------------------------------
     0 | D:1      | teukkam the Gnoll Wanderer began the quest for the Orb.
     0 | D:1      | teukkam set off with: a +2 scale mail, Jepriq's Incunabulum of Contamination, a +0 hand crossbow, 24 bolts, a ration
     0 | D:1      | Reached XP level 1. HP: 17/17 MP: 4/4
     0 | D:1      | Identified Jepriq's Incunabulum of Contamination
   168 | D:1      | Learned a level 1 spell: Sting
   695 | D:1      | Reached XP level 2. HP: 10/23 MP: 2/5
  1125 | D:2      | Noticed Natasha
  1261 | D:2      | Reached XP level 3. HP: 4/28 MP: 1/7
  1441 | D:2      | Reached skill level 1 in Invocations
  1593 | D:2      | Noticed Terence
  1649 | D:2      | Slain by Terence

Vault maps used:
D:1:      ncdulo_lavacross, minmay_misc_feat_hallway
D:2:      old_standard_altar, uniq_terence, uniq_natasha

Skill      XL: |  1  2  3 |
---------------+----------+-----
Invocations    | 1 |  1.0
Fighting       | |  2.6
Short Blades   | |  0.9
Long Blades    | |  0.9
Axes           | |  0.9
Maces & Flails | |  0.9
Polearms       | |  0.9
Staves         | |  0.9
Slings         | |  0.9
Bows           | |  0.9
Crossbows      | |  2.6
Throwing       | |  0.9
Armour         | |  2.6
Dodging        | |  0.9
Stealth        | |  2.4
Shields        | |  2.6
Unarmed Combat | |  0.9
Spellcasting   | |  2.8
Conjurations   | |  0.6
Hexes          | |  0.6
Charms         | |  0.6
Summonings     | |  3.8
Necromancy     | |  0.6
Translocations | |  0.6
Transmutations | |  0.6
Fire Magic     | |  0.6
Ice Magic      | |  0.6
Air Magic      | |  0.6
Earth Magic    | |  3.8
Poison Magic   | |  0.6
Evocations     | |  0.9

Action                   || total
-------------------------++-------
Melee: Dagger            ||    76
       Bite              ||     7
       Punch             ||     1
 Fire: Hand crossbow     ||    24
 Cast: Sting             ||    30
  Use: Scroll            ||     4
       Potion            ||     2
 Stab: Sleeping          ||     1
  Eat: Chunk             ||     2
Armor: Scale mail        ||    17
       Leather armour    ||    23
Dodge: Dodged            ||    64

Table legend:
 A = Spawn XP
 B = Non-spawn XP
 C = Spawn XP percentage of total XP
 D = Spawn monster count
 E = Non-spawn monster count
 F = Spawn count percentage of total count
 G = Total turns spent on level
                    A         B        C        D         E        F      G
               +---------+---------+-------+---------+---------+-------+---------
         Total |       0 |      71 |   0.0 |       0 |      25 |   0.0 |  1649
               +---------+---------+-------+---------+---------+-------+---------
           D:1 |       0 |      15 |   0.0 |       0 |       9 |   0.0 |   841
           D:2 |       0 |      56 |   0.0 |       0 |      16 |   0.0 |   808
               +---------+---------+-------+---------+---------+-------+---------
